 Dungeon Crawl Stone Soup version 0.29-a0-322-g68df515428 (webtiles) character file.

Game seed: 15682642429972911992

9 kae the Firebug (level 2, -3/16 HPs)
             Began as a Tengu Fire Elementalist on Apr 7, 2022.
             Slain by a goblin
             ... wielding a +0 dagger
             ... led by Robin
              (4 damage)
             ... on level 1 of the Dungeon.
             The game lasted 00:00:25 (1410 turns).

kae the Firebug (Tengu Fire Elementalist)           Turns: 1410, Time: 00:00:25

Health: -3/16      AC:  2    Str:  8    XL:     2   Next: 12%
Magic:  6/6        EV: 12    Int: 15    God:
Gold:   34         SH:  0    Dex: 14    Spells: 4/5 levels left

rFire   . . .      SeeInvis .   d - +0 mace
rCold   . . .      Faith    .   (no shield)
rNeg    . . .      Spirit   .   a - +0 robe
rPois   .          Reflect  .   (helmet restricted)
rElec   .          Harm     .   (no cloak)
rCorr   .          Rampage  .   (no gloves)
Will    .....                   (boots unavailable)
Stlth   ++........              (no amulet)
HPRegen 0.05/turn               (no ring)
MPRegen 0.10/turn               (no ring)

@: no status effects
A: beak, talons 3
a: no special abilities


You were on level 1 of the Dungeon.
You visited 1 branch of the dungeon, and saw 2 of its levels.

You collected 34 gold pieces.

Inventory:

Hand Weapons
 d - a +0 mace (weapon)
Armour
 a - a +0 robe (worn)
Scrolls
 c - a scroll of identify
 e - a scroll of torment
Potions
 b - a potion of magic


   Skills:
 + Level 0.4 Fighting
 + Level 0.4 Armour
 + Level 2.3 Dodging
 - Level 2.0 Stealth
 + Level 2.1 Spellcasting
 + Level 1.7 Conjurations
 + Level 3.4 Fire Magic


You had 4 spell levels left.
You knew the following spells:

 Your Spells              Type           Power      Damage    Failure   Level
a - Foxfire               Conj/Fire      36%        2x1d5     8%          1

Your spell library contained the following spells:

 Spells                   Type           Power      Damage    Failure   Level
 Scorch                   Fire           22%        2d6       9%          2
 Conjure Flame            Conj/Fire      9%         6-21      22%         3
 Inner Flame              Hex/Fire       6%         N/A       32%         3
 Flame Wave               Conj/Fire      9%         2d5       58%         4


Dungeon Overview and Level Annotations

Branches:
Dungeon (2/15)

Altars:

Annotations:
D:2 Robin


Innate Abilities, Weirdness & Mutations

You have a beak for a mouth.
You have claws for feet.


Message History

The hobgoblin shouts!
The goblin shouts! x2; Robin shouts!
The goblin shouts!
The hobgoblin shouts!
Robin throws the goblin at you! The goblin hits you with a +0 dagger.
The goblin shouts!
There are monsters nearby!
There are monsters nearby!
The rat attacks as you move away! The rat bites you.
The hobgoblin attacks as you move away! The hobgoblin closely misses you.
The goblin shouts!
You hear a shout! x2
The goblin misses you.
The ball python attacks as you move away!
The ball python barely misses you. x2; The goblin hits you but does no damage.
There is a stone staircase leading up here.
The ball python bites you. The ball python closely misses you.
The dart slug barely misses you. The goblin hits you with a +0 dagger.
The hobgoblin misses you.
You climb upwards.
There is a stone staircase leading down here.
Casting: Foxfire (safe; 8% risk of failure)
Confirm with . or Enter, or press ? or * to list all spells.
There is not enough space to conjure foxfire!
You hit the ball python.
You kill the ball python!
The goblin hits you with a +0 dagger.
You barely miss the hobgoblin. The goblin hits you but does no damage.
The hobgoblin barely misses you.
You hit the hobgoblin. Your kick misses the hobgoblin.
The hobgoblin is heavily wounded.
The goblin closely misses you. The hobgoblin hits you. The goblin misses you.
The hobgoblin hits you.
* * * LOW HITPOINT WARNING * * *
You closely miss the hobgoblin.
The hobgoblin is heavily wounded.
The goblin completely misses you. The hobgoblin barely misses you.
You hit the hobgoblin but do no damage.
The hobgoblin is heavily wounded.
The goblin hits you with a +0 dagger.
* * * LOW HITPOINT WARNING * * *
The hobgoblin barely misses you. The goblin hits you with a +0 dagger.
You die...

#.# #.# #.# #.#
#.###.# #.#
#.###########
#.....# #.#
#............
#.##### #.#
############. ##.#
#.# #.
##.##########.# #.
##.#..........# #.
.#...#############
#.
.#.............g@#
#.
.#...........###g#
#########
############.# #w#
#..[..... # #.#
#.# #.####### #
#.# #.# #.# # #.#
#.# #.# # #.# #.#
#.# # #.###.# #.#
# #..##.# ####.#


You could see a dart slug, a hobgoblin and a goblin.

Vanquished Creatures
  A ball python (D:1)
  A bat (D:1)
  An endoplasm (D:1)
  A hobgoblin (D:1)
  A quokka (D:1)
  A frilled lizard (D:1)
  2 rats (D:1)
8 creatures vanquished.

Vanquished Creatures (others)
  19 foxfires (D:1)
19 creatures vanquished.

Grand Total: 27 creatures vanquished

Notes
Turn   | Place    | Note
-------+----------+-------------------------------------------
     0 | D:1      | kae the Tengu Fire Elementalist began the quest for the
                  | Orb.
     0 | D:1      | Reached XP level 1. HP: 10/10 MP: 4/4
  1106 | D:1      | Reached XP level 2. HP: 16/16 MP: 4/6
  1401 | D:2      | Noticed Robin
  1410 | D:1      | Slain by a goblin

Illustrated notes

Levels and vault maps discovered:
D:1:      ncdulo_smallfort, layout_loops_ring, eino_curves_02,
          minmay_strange_pillars
D:2:      layout_rooms, basic_altar, basic_ecumenical_altar, uniq_robin

Action                   || total
-------------------------++-------
Melee: Mace              ||    12
       Kick              ||     2
       Peck              ||     1
 Cast: Foxfire           ||    13
  Use: Scroll            ||     2
Armor: Robe              ||     6
Dodge: Dodged            ||    27

Table legend: (Time is in decaauts)
 A = Elapsed time spent in this place.
 B = Non-inter-level travel time spent in this place.
 C = Inter-level travel time spent in this place.
 D = Time resting spent in this place.
 E = Time spent auto-exploring this place.
 F = Levels seen in this place.
 G = Mean time per level.
                   A        B        C        D        E       F      G
               +--------+--------+--------+--------+--------+-----+--------+
         Total |   1414 |   1365 |     49 |      0 |   1278 |   2 |  707.0 |
       Dungeon |   1414 |   1365 |     49 |      0 |   1278 |   2 |  707.0 |
               +--------+--------+--------+--------+--------+-----+--------+

Top non-repeatable levels by time:
     D:1: 1404 daAuts
     D:2: 9 daAuts
